 Dungeon Crawl Stone Soup version 0.31-b1-20-g67cafac56d (webtiles) character file.

Game seed: 14184120488711730205

23 Hubris850 the Gusty (level 3, -5/35 HPs)
             Began as an Oni Air Elementalist on Jan 17, 2024.
             Slain by Terence
             ... wielding a +4 falchion of holy wrath
              (6 damage)
             ... on level 2 of the Dungeon.
             The game lasted 00:03:08 (1055 turns).

Hubris850 the Gusty (Oni Air Elementalist)          Turns: 1055, Time: 00:03:09

Health: -5/35      AC:  3    Str: 18    XL:     3   Next: 0%
Magic:  1/6        EV: 10    Int: 18    God:
Gold:   86         SH:  0    Dex:  9    Spells: 5/6 levels left

rFire   . . .        (no weapon)
rCold   . . .        (no shield)
rNeg    . . .        a - +0 robe
rPois   .            (helmet restricted)
rElec   .            (no cloak)
rCorr   .            (gloves unavailable)
SInv    .            (boots unavailable)
Will    +....        (no amulet)
Stlth   +            g - ring of willpower
HPRegen 0.25/turn    f - +6 ring of strength
MPRegen 0.10/turn

%: no passive effects
@: no status effects
A: large, unfitting armour, horns 1, tough skin 1, double potion healing,
drunken brawling
a: no special abilities


You were on level 2 of the Dungeon.
You visited 1 branch of the dungeon, and saw 2 of its levels.

You collected 86 gold pieces.

Inventory:

Missiles
 e - 4 boomerangs
 k - 6 poisoned darts
Armour
 a - a +0 robe (worn)
Jewellery
 c - a ring of ice
 f - a +6 ring of strength (right hand)
 g - a ring of willpower (left hand)
Talismans
 m - a beast talisman
Scrolls
 d - a scroll of noise {unknown}
 h - a scroll of blinking {unknown}
Potions
 b - a potion of magic
 i - 2 potions of curing {unknown}
 j - a potion of berserk rage {unknown}
 l - a potion of brilliance {unknown}


   Skills:
 + Level 2.2 Fighting
 + Level 2.4 Dodging
 - Level 1.4 Stealth
 - Level 2.4 Spellcasting
 - Level 0.8 Conjurations
 - Level 2.6 Air Magic


You had 5 spell levels left.
You knew the following spells:

 Your Spells              Type           Power      Damage    Failure   Level
a - Shock                 Conj/Air       32%        1d5       9%          1

Your spell library contained the following spells:

 Spells                   Type           Power      Damage    Failure   Level
 Static Discharge         Conj/Air       16%        3-4/arc   13%         2
 Swiftness                Air            11%        N/A       17%         3
 Volatile Blastmotes      Fire/Tloc      4%         2d10      45%         3
 Airstrike                Air            5%         2d(1-17)  50%         4
 Fulminant Prism          Conj/Alch      1%         3d5       82%         4
 Iskenderun's Mystic Bla  Conj/Tloc      3%         2d3       82%         4


Dungeon Overview and Level Annotations

Branches:
Dungeon (2/15)

Altars:

Annotations:
D:2 Terence


Innate Abilities, Weirdness & Mutations

You are too large for most types of armour.
You have a pair of small horns on your head.
You have tough skin. (AC +1)
You gain doubled healing and magic from potions.
Whenever you drink a healing potion, you attack all around you.


Message History

Throw: 4 boomerangs
Press: ? - help, Shift-Dir - straight line, f/p - ball python
Aim: a ball python (moderately wounded, 45% to hit)
You throw a boomerang.
The boomerang closely misses the ball python.
The boomerang hits Terence but does no damage.
The ball python closely misses you.
You hit the ball python.
The ball python is severely wounded.
The ball python bites you.
You barely miss the ball python.
The ball python is severely wounded.
The ball python bites you.
You hit the ball python.
You kill the ball python!
You have reached level 3!
Your experience leads to an increase in your attributes!
Your base attributes are Str 11, Int 16, Dex 9.
Increase (S)trength, (I)ntelligence, or (D)exterity?
You feel clever. x2; You feel stronger.
You closely miss Terence.
Terence hits you with a +4 falchion of holy wrath.
You closely miss Terence. Your headbutt misses Terence. Terence misses you.
You hit Terence but do no damage.
Terence hits you with a +4 falchion of holy wrath!
You closely miss Terence.
Terence hits you with a +4 falchion of holy wrath.
You barely miss Terence. Terence barely misses you.
You hit Terence but do no damage. Terence barely misses you.
You barely miss Terence.
Terence hits you with a +4 falchion of holy wrath.
* * * LOW HITPOINT WARNING * * *
You closely miss Terence. Terence screams, "I want your blood!"
Terence hits you with a +4 falchion of holy wrath!
* * * LOW HITPOINT WARNING * * *
You hit Terence but do no damage.
Terence hits you with a +4 falchion of holy wrath.
You die...
Terence says, "That felt goooood."

.. #.#### #.. #. #...##
. #.. .... ###...
..###.. .### ###. .....
#....# #. .[#.## .$#
..## ### # #...##.# ..#
#..
##..#.†@#..#####.#####..
...%...@..###...........
..###...†##...##..##...#
#.....#...#####.......
#.#...#.### ####.###
#........# #.#
#.#.###### ..# .[.. .###
..## ##


You could see Terence.

Vanquished Creatures
  3 endoplasms
  3 giant cockroaches
  2 goblins (D:1)
  4 hobgoblins
  4 ball pythons
  A bat (D:2)
  A frilled lizard (D:2)
  3 rats (D:1)
21 creatures vanquished.

Notes
Turn   | Place    | Note
-------+----------+-------------------------------------------
     0 | D:1      | Hubris850 the Oni Air Elementalist began the quest for the
                  | Orb.
     0 | D:1      | Reached XP level 1. HP: 16/16 MP: 3/3
   191 | D:1      | Reached skill level 1 in Fighting
   257 | D:1      | Reached XP level 2. HP: 27/27 MP: 0/5
   811 | D:2      | Found a faded altar of an unknown god.
  1041 | D:2      | Noticed Terence
  1047 | D:2      | Reached XP level 3. HP: 30/35 MP: 0/6
  1054 | D:2      | HP: 1/35 [Terence/+4 falchion of holy wrath (8)]
  1055 | D:2      | Slain by Terence

Illustrated notes

Levels and vault maps discovered:
D:1:      minmay_arrival_loop, layout_rooms
D:2:      minmay_spotlight, layout_rooms, serial_shops, nicolae_shop_dealshenge,
          nicolae_ecumenical_lake_church, uniq_terence, uniq_natasha

Skill      XL: |  1  2 |
---------------+-------+-----
Fighting       | 1 2 |  2.2
Dodging        | 2 |  2.4
Stealth        | |  1.4
Spellcasting   | |  2.4
Conjurations   | |  0.8
Air Magic      | |  2.6

Action                     || total
---------------------------++-------
  Melee: Unarmed           ||    25
         Headbutt          ||     4
  Throw: Boomerang         ||     2
   Cast: Shock             ||    49
 Armour: Robe              ||    22
  Dodge: Dodged            ||    13
